AoeStats
← T İ T A N

Black Forest

504845350Analyzed
4v4 RM · 25d ago on Sep 6, 2026· 67m 54s· 8 players
Game mode
Random Map
Map size
Large (8 player)
Population
200
Speed
Normal
Resources
Standard
Victory
Conquest
Starting age
Dark Age
Ending age
Imperial Age
RankedLock teamsTeams togetherTeam positionsShared explorationLock speedFull tech treeHidden civsTurbo modeCheats
Victory
Defeat
🇮🇹 Turks · Italy
784
+14
🇹🇷 Huns · Türkiye
745
+16
🇹🇷 Spanish · Türkiye
690
+18
🇹🇷 Italians · Türkiye
647
+21
🇮🇹 Teutons · Italy
793
-19
🇵🇪 Chinese · Peru
740
-17
731
-17
707
-16
Longbowhemian Rhapsody
0:32 Loom
10:06 Wheelbarrow
11:02 Double-Bit Axe
13:29 Feudal Age
14:51 Horse Collar
19:15 Bow Saw
19:09 Gold Mining
21:53 Castle Age
20:39 Stone Mining
21:28 Gold Shaft Mining
21:41 Heavy Plow
22:26 Forging
22:23 Scale Barding Armor
23:40 Caravan
25:25 Stone Shaft Mining
25:40 Hand Cart
30:28 Crop Rotation
31:44 Chain Barding Armor
32:23 Burgundian Vineyards
33:14 Arson
33:32 Squires
32:54 Pikeman
37:15 Imperial Age
36:01 Fletching
36:12 Scale Mail Armor
36:13 Padded Archer Armor
36:49 Iron Casting
37:40 Two-Man Saw
37:27 Halberdier
38:27 Chain Mail Armor
38:18 Husbandry
39:06 Conscription
38:33 Cavalier
38:34 Light Cavalry
39:25 Elite Coustillier
39:27 Elite Skirmisher
41:42 Plate Mail Armor
42:14 Blast Furnace
42:14 Plate Barding Armor
41:56 Leather Archer Armor
41:46 Man-at-Arms
41:49 Hussar
41:53 Crossbowman
44:00 Bodkin Arrow
44:34 Ballistics
45:26 Chemistry
45:26 Paladin
All Along the Watchtower
0:26 Loom
14:00 Feudal Age
15:24 Wheelbarrow
14:39 Double-Bit Axe
17:38 Horse Collar
25:24 Castle Age
23:46 Gold Mining
23:48 Stone Mining
26:21 Hand Cart
26:18 Bow Saw
26:44 Heavy Plow
27:22 Gold Shaft Mining
29:01 Caravan
37:24 Imperial Age
39:17 Two-Man Saw
38:02 Pikeman
38:06 Elite Skirmisher
39:05 Fortified Wall
39:56 Chemistry
39:16 Ballistics
39:24 Forging
39:14 Scale Mail Armor
39:15 Padded Archer Armor
39:05 Fletching
39:42 Murder Holes
40:42 Iron Casting
43:11 Yeomen
42:13 Elite Longbowman
42:56 Warwolf
43:16 Conscription
44:40 Blast Furnace
43:56 Chain Mail Armor
43:56 Leather Archer Armor
43:36 Bodkin Arrow
43:57 Town Watch
45:29 Hoardings
47:13 Plate Mail Armor
46:51 Siege Engineers
46:39 Halberdier
47:20 Squires
47:06 Arson
57:31 Ring Archer Armor
57:01 Bracer
58:44 Crossbowman
60:31 Arbalester
filippo.nunnari
0:44 Loom
13:20 Feudal Age
14:00 Double-Bit Axe
13:58 Horse Collar
16:37 Town Watch
23:52 Castle Age
22:03 Gold Mining
22:03 Stone Mining
23:37 Forging
23:27 Scale Mail Armor
24:56 Bow Saw
25:23 Stone Shaft Mining
24:52 Heavy Plow
28:34 Iron Casting
30:26 Wheelbarrow
33:02 Chain Mail Armor
34:12 Hand Cart
34:00 Town Patrol
34:50 Ironclad
35:04 Coinage
35:27 Gambesons
35:44 Squires
35:31 Arson
35:09 Man-at-Arms
36:53 Caravan
37:26 Fletching
37:37 Padded Archer Armor
39:30 Ballistics
39:21 Fortified Wall
39:22 Masonry
39:50 Bodkin Arrow
40:11 Leather Archer Armor
39:38 Long Swordsman
39:40 Pikeman
43:34 Imperial Age
44:32 Bloodlines
45:14 Crop Rotation
45:55 Two-Man Saw
46:11 Blast Furnace
46:31 Plate Mail Armor
45:29 Two-Handed Swordsman
45:32 Halberdier
46:57 Siege Engineers
46:22 Cavalier
47:36 Conscription
48:25 Paladin
49:42 Scale Barding Armor
52:11 Banking
51:51 Guilds
53:26 Crenellations
53:44 Hoardings
53:07 Champion
57:39 Chemistry
57:14 Chain Barding Armor
57:27 Ring Archer Armor
57:33 Sappers
Pan con Queso
9:02 Feudal Age
10:19 Double-Bit Axe
12:41 Horse Collar
14:07 Wheelbarrow
21:51 Castle Age
20:16 Gold Mining
21:04 Town Watch
23:35 Hand Cart
23:21 Town Patrol
23:53 Bow Saw
23:45 Heavy Plow
24:23 Gold Shaft Mining
24:39 Loom
25:31 Caravan
27:59 Stone Mining
33:45 Imperial Age
32:28 Stone Shaft Mining
35:38 Chemistry
34:58 Ballistics
34:50 Masonry
35:54 Two-Man Saw
40:28 Bombard Tower
40:41 Architecture
40:02 Heated Shot
40:06 Guard Tower
40:02 Arrowslits
40:28 Fortified Wall
40:14 Murder Holes
41:53 Elite Chu Ko Nu
45:25 Scale Barding Armor
45:20 Scale Mail Armor
45:21 Padded Archer Armor
45:11 Fletching
45:32 Forging
46:33 Chain Barding Armor
45:52 Cavalier
46:32 Husbandry
46:44 Bloodlines
51:32 Bloodlines
51:56 Chain Barding Armor
51:51 Chain Mail Armor
51:36 Padded Archer Armor
51:27 Fletching
51:47 Forging
T İ T A N
7:53 Loom
12:26 Feudal Age
13:06 Horse Collar
14:25 Double-Bit Axe
22:23 Castle Age
22:14 Gold Mining
22:16 Stone Mining
23:48 Bow Saw
23:41 Heavy Plow
27:24 Wheelbarrow
26:34 Town Watch
28:53 Hand Cart
28:38 Town Patrol
31:12 Imperial Age
29:25 Hand Cart
30:58 Town Patrol
31:07 Husbandry
31:22 Bloodlines
34:38 Forging
34:33 Scale Barding Armor
34:25 Fletching
34:44 Light Cavalry
34:47 Cavalier
37:07 Two-Man Saw
36:47 Gold Shaft Mining
37:39 Caravan
38:02 Paladin
39:18 Devotion
40:45 Conscription
40:58 Atheism
40:39 Marauders
40:10 Sappers
43:58 Squires
43:43 Arson
44:25 Ballistics
44:01 Murder Holes
44:17 Masonry
45:08 Chemistry
44:47 Iron Casting
44:33 Chain Barding Armor
44:09 Bodkin Arrow
46:08 Elite Tarkan
48:44 Blast Furnace
48:19 Plate Barding Armor
47:55 Bracer
53:39 Scale Mail Armor
53:39 Padded Archer Armor
53:52 Thumb Ring
53:17 Hussar
57:18 Chain Mail Armor
57:18 Leather Archer Armor
58:25 Elite Skirmisher
58:26 Crossbowman
63:18 Pikeman
63:18 Man-at-Arms
64:26 Parthian Tactics
63:21 Heavy Cavalry Archer
psycho93
0:30 Loom
17:34 Feudal Age
18:08 Horse Collar
19:46 Wheelbarrow
19:23 Stone Mining
19:39 Double-Bit Axe
20:16 Gold Mining
23:21 Town Watch
26:19 Castle Age
24:57 Bloodlines
25:26 Fletching
27:28 Bow Saw
27:22 Heavy Plow
27:26 Caravan
28:48 Hand Cart
30:35 Gold Shaft Mining
35:07 Imperial Age
34:41 Forging
34:37 Scale Barding Armor
34:34 Bodkin Arrow
34:39 Padded Archer Armor
34:53 Husbandry
36:27 Conscription
35:43 Heavy Camel Rider
37:30 Artillery
38:56 Chain Barding Armor
39:11 Iron Casting
38:58 Treadmill Crane
39:40 Ballistics
39:33 Fortified Wall
40:48 Town Patrol
42:02 Masonry
42:10 Fervor
43:03 Elite Janissary
46:04 Hoardings
46:10 Plate Barding Armor
46:36 Blast Furnace
45:36 Scale Mail Armor
45:37 Bracer
45:53 Leather Archer Armor
58:58 Chain Mail Armor
59:13 Ring Archer Armor
SeçkinA.
0:28 Loom
10:39 Feudal Age
11:08 Double-Bit Axe
20:06 Castle Age
18:58 Horse Collar
19:13 Gold Mining
19:16 Stone Mining
22:12 Wheelbarrow
22:20 Heavy Plow
22:49 Bow Saw
24:54 Caravan
25:19 Hand Cart
26:22 Stone Shaft Mining
31:07 Imperial Age
30:11 Town Watch
30:41 Fletching
31:02 Forging
30:58 Scale Barding Armor
31:03 Husbandry
31:13 Bloodlines
31:32 Fortified Wall
33:03 Two-Man Saw
31:36 Cavalier
32:35 Town Patrol
33:19 Conscription
33:18 Murder Holes
34:21 Chain Barding Armor
34:37 Iron Casting
34:33 Paladin
36:34 Plate Barding Armor
39:45 Chemistry
40:15 Blast Furnace
39:12 Bodkin Arrow
41:02 Bombard Tower
42:43 Bracer
49:07 Coinage
57:18 Banking
66:31 Spies/Treason
BURKUT
11:22 Feudal Age
11:51 Double-Bit Axe
19:35 Castle Age
19:48 Gold Mining
20:35 Wheelbarrow
19:44 Horse Collar
31:34 Imperial Age
32:36 Stone Mining
33:01 Bow Saw
32:56 Heavy Plow
36:54 Two-Man Saw
37:01 Chemistry
36:12 Fortified Wall
38:27 Stone Shaft Mining
38:26 Crop Rotation
38:33 Hand Cart
38:04 Loom
39:24 Ballistics
38:54 Heated Shot
38:45 Treadmill Crane
38:52 Arrowslits
39:51 Scale Barding Armor
39:47 Scale Mail Armor
39:57 Forging
39:38 Fletching
39:48 Padded Archer Armor
40:00 Caravan
40:31 Coinage
40:11 Guilds
41:00 Elite Genoese Crossbowman
44:14 Silk Road
44:06 Pirotechnia
44:17 Conscription
47:44 Iron Casting
47:24 Chain Mail Armor
47:30 Chain Barding Armor
47:26 Leather Archer Armor
47:06 Bodkin Arrow
49:57 Blast Furnace
52:51 Banking
52:35 Guilds
53:00 Plate Mail Armor
53:05 Plate Barding Armor
53:01 Ring Archer Armor
52:31 Bracer
Connection lost

Rejoining the realm…

Still unreachable

The connection could not be restored.

Session expired

The server has moved on; the page needs a fresh start.